[ AOE2 MATCH · #507197383 ]
UnrankedBurgundians vs Teutons
Rival team · LOSS
[ REPLAY ANALYSIS · EXTRACTED FROM THE RECORDED GAME ]
Feudal
9:49
Castle
21:27
Imperial
36:36
| APM avg | 56.4 |
| APM peak | 104 |
| eAPM avg | 21.8 |
| Villagers / military | 129 / 129 |
Focus
⚔️ 42.4% · 🌾 57.6%
Knight ×46 · Hand Cannoneer ×35 · Archer ×19 · Coustillier ×10 · Skirmisher ×5 · Monk ×3
Feudal
10:32
Castle
21:28
Imperial
40:37
| APM avg | 31.0 |
| APM peak | 54 |
| eAPM avg | 15.5 |
| Villagers / military | 179 / 105 |
Focus
⚔️ 24.8% · 🌾 75.2%
Spearman ×86 · Monk ×12 · Knight ×4 · Mangonel ×3
Match map
Initial resources + every placement click. Lines = walls · curves = elevation contours. ◆ gold · ⬟ stone · ● berries · ✦ relic · ◌ wall gap
Your base· ✓ Closed at 21:27 · 0t walls · 3 gate(s) · fragile
VENI.VIDI.VICI.'s base· ✓ Closed at 21:28 · 0t walls · 3 gate(s)
Smoothed initial terrain · ◌ = detected wall gap · hover for details
Inputs per minute
— Lathkore - - VENI.VIDI.VICI.
Build order — Lathkore
First 150 of 406 actions detected
| 0:01 | Queue | Villager (Male) |
| 0:02 | Queue | Villager (Male) |
| 0:02 | Queue | Villager (Male) |
| 0:02 | Queue | Villager (Male) |
| 0:04 | Build | House |
| 0:06 | Build | House |
| 1:24 | Queue | Villager (Male) |
| 1:52 | Queue | Villager (Male) |
| 2:05 | Build | Lumber Camp |
| 2:27 | Queue | Villager (Male) |
| 2:27 | Queue | Villager (Male) |
| 2:51 | Queue | Villager (Male) |
| 3:15 | Queue | Villager (Male) |
| 3:16 | Queue | Villager (Male) |
| 3:25 | Research | Double-Bit Axe |
| 3:50 | Build | House |
| 3:54 | Queue | Villager (Male) |
| 4:09 | Queue | Villager (Male) |
| 4:23 | Queue | Villager (Male) |
| 4:51 | Queue | Villager (Male) |
| 4:51 | Queue | Villager (Male) |
| 4:59 | Build | House |
| 5:23 | Build | Mining Camp |
| 5:30 | Queue | Villager (Male) |
| 5:30 | Queue | Villager (Male) |
| 5:42 | Queue | Villager (Male) |
| 6:16 | Queue | Villager (Male) |
| 6:33 | Queue | Villager (Male) |
| 7:13 | Queue | Villager (Male) |
| 7:33 | Research | Feudal Age |
| 8:32 | Build | Barracks |
| 8:39 | Queue | Villager (Male) |
| 9:30 | Research | Loom |
| 9:31 | Queue | Villager (Male) |
| 9:49 | Age | Feudal Age |
| 9:52 | Queue | Villager (Male) |
| 9:57 | Build | Mill |
| 10:04 | Build | House |
| 10:22 | Research | Bow Saw |
| 10:23 | Research | Horse Collar |
| 10:27 | Queue | Villager (Male) |
| 10:44 | Build | Farm |
| 11:02 | Queue | Villager (Male) |
| 11:11 | Build | Farm |
| 11:14 | Build | Farm |
| 11:16 | Queue | Villager (Male) |
| 11:23 | Build | Farm |
| 11:25 | Build | House |
| 11:26 | Build | House |
| 11:43 | Queue | Villager (Male) |
| 11:45 | Build | Farm |
| 11:46 | Queue | Villager (Male) |
| 11:50 | Build | Farm |
| 12:02 | Queue | Villager (Male) |
| 12:05 | Build | Farm |
| 12:10 | Build | Farm |
| 12:12 | Build | Farm |
| 12:18 | Research | Loom |
| 12:27 | Build | Watch Tower |
| 12:33 | Build | Archery Range |
| 12:35 | Queue | Villager (Male) |
| 13:03 | Build | Mining Camp |
| 13:16 | Queue | Archer |
| 13:16 | Queue | Archer |
| 13:20 | Build | Farm |
| 13:33 | Queue | Archer |
| 13:38 | Queue | Villager (Male) |
| 13:48 | Build | Blacksmith |
| 13:58 | Queue | Archer |
| 14:07 | Queue | Villager (Male) |
| 14:11 | Build | Farm |
| 14:12 | Queue | Villager (Male) |
| 14:15 | Queue | Archer |
| 14:36 | Build | Watch Tower |
| 14:38 | Research | Fletching |
| 14:46 | Queue | Archer |
| 14:47 | Queue | Villager (Male) |
| 15:04 | Queue | Archer |
| 15:13 | Queue | Archer |
| 15:21 | Queue | Villager (Male) |
| 15:32 | Build | House |
| 15:34 | Queue | Villager (Male) |
| 15:52 | Build | House |
| 16:04 | Build | Farm |
| 16:06 | Queue | Villager (Male) |
| 16:10 | Build | Mining Camp |
| 16:23 | Queue | Archer |
| 16:29 | Build | Farm |
| 16:40 | Queue | Villager (Male) |
| 16:48 | Research | Stone Mining |
| 16:56 | Queue | Villager (Male) |
| 17:08 | Queue | Archer |
| 17:39 | Queue | Villager (Male) |
| 17:43 | Queue | Archer |
| 17:55 | Build | Lumber Camp |
| 17:59 | Build | Market |
| 18:04 | Build | Market |
| 18:17 | Queue | Villager (Male) |
| 18:23 | Build | Farm |
| 18:28 | Build | House |
| 18:43 | Build | Watch Tower |
| 18:47 | Research | Castle Age |
| 19:20 | Queue | Archer |
| 19:27 | Build | Watch Tower |
| 19:40 | Queue | Archer |
| 19:41 | Queue | Archer |
| 20:13 | Queue | Archer |
| 20:13 | Queue | Archer |
| 20:26 | Build | Farm |
| 20:26 | Queue | Villager (Male) |
| 20:42 | Queue | Archer |
| 20:45 | Queue | Villager (Male) |
| 20:57 | Queue | Archer |
| 21:19 | Queue | Villager (Male) |
| 21:26 | Queue | Archer |
| 21:27 | Age | Castle Age |
| 21:35 | Research | Bodkin Arrow |
| 21:37 | Build | University |
| 21:46 | Build | Monastery |
| 22:00 | Queue | Flemish Militia |
| 22:00 | Queue | Flemish Militia |
| 22:22 | Research | Guard Tower (upgrade) |
| 22:22 | Research | Guard Tower (upgrade) |
| 22:55 | Build | Castle |
| 23:27 | Queue | Villager (Male) |
| 23:34 | Queue | Villager (Male) |
| 23:43 | Queue | Villager (Male) |
| 23:57 | Research | Crossbowman (upgrade) |
| 24:06 | Queue | Coustillier |
| 24:14 | Queue | Villager (Male) |
| 24:21 | Queue | Coustillier |
| 25:07 | Queue | Coustillier |
| 25:09 | Queue | Villager (Male) |
| 25:10 | Build | Farm |
| 25:17 | Build | Town Center |
| 25:39 | Queue | Monk |
| 25:47 | Queue | Coustillier |
| 25:47 | Queue | Coustillier |
| 25:49 | Queue | Villager (Male) |
| 25:59 | Build | Farm |
| 26:00 | Build | Farm |
| 26:04 | Build | Farm |
| 26:09 | Queue | Coustillier |
| 26:09 | Queue | Coustillier |
| 26:18 | Queue | Villager (Male) |
| 26:19 | Research | Gold Mining |
| 26:26 | Build | Siege Workshop |
| 26:34 | Queue | Villager (Male) |
| 26:40 | Build | Farm |
| 27:04 | Research | Scale Barding Armor |
Build order — VENI.VIDI.VICI.
First 150 of 315 actions detected
| 0:00 | Queue | Villager (Male) |
| 0:00 | Queue | Villager (Male) |
| 0:00 | Queue | Villager (Male) |
| 0:00 | Queue | Villager (Male) |
| 0:00 | Queue | Villager (Male) |
| 0:00 | Queue | Villager (Male) |
| 0:02 | Build | House |
| 0:03 | Build | House |
| 1:33 | Queue | Villager (Male) |
| 1:33 | Queue | Villager (Male) |
| 1:33 | Queue | Villager (Male) |
| 1:33 | Queue | Villager (Male) |
| 1:33 | Queue | Villager (Male) |
| 1:56 | Queue | Villager (Male) |
| 1:56 | Queue | Villager (Male) |
| 1:56 | Queue | Villager (Male) |
| 1:56 | Queue | Villager (Male) |
| 2:12 | Build | Lumber Camp |
| 2:27 | Queue | Villager (Male) |
| 2:27 | Queue | Villager (Male) |
| 2:27 | Queue | Villager (Male) |
| 2:27 | Queue | Villager (Male) |
| 2:27 | Queue | Villager (Male) |
| 2:27 | Queue | Villager (Male) |
| 3:13 | Build | House |
| 3:18 | Queue | Villager (Male) |
| 3:18 | Queue | Villager (Male) |
| 3:18 | Queue | Villager (Male) |
| 3:18 | Queue | Villager (Male) |
| 3:19 | Queue | Villager (Male) |
| 3:19 | Queue | Villager (Male) |
| 3:40 | Queue | Villager (Male) |
| 3:40 | Queue | Villager (Male) |
| 3:40 | Queue | Villager (Male) |
| 3:40 | Queue | Villager (Male) |
| 4:00 | Queue | Villager (Male) |
| 4:00 | Queue | Villager (Male) |
| 4:00 | Queue | Villager (Male) |
| 4:00 | Queue | Villager (Male) |
| 4:33 | Queue | Villager (Male) |
| 4:34 | Queue | Villager (Male) |
| 4:34 | Queue | Villager (Male) |
| 4:45 | Build | Mill |
| 5:04 | Queue | Villager (Male) |
| 5:04 | Queue | Villager (Male) |
| 5:04 | Queue | Villager (Male) |
| 5:04 | Queue | Villager (Male) |
| 5:04 | Queue | Villager (Male) |
| 5:47 | Queue | Villager (Male) |
| 5:47 | Queue | Villager (Male) |
| 5:47 | Queue | Villager (Male) |
| 5:47 | Queue | Villager (Male) |
| 5:47 | Queue | Villager (Male) |
| 6:12 | Build | Mining Camp |
| 6:20 | Research | Loom |
| 6:39 | Build | House |
| 6:44 | Queue | Villager (Male) |
| 6:44 | Queue | Villager (Male) |
| 6:44 | Queue | Villager (Male) |
| 8:22 | Research | Feudal Age |
| 10:28 | Queue | Villager (Male) |
| 10:29 | Queue | Villager (Male) |
| 10:29 | Queue | Villager (Male) |
| 10:32 | Age | Feudal Age |
| 10:32 | Research | Double-Bit Axe |
| 10:32 | Research | Double-Bit Axe |
| 10:32 | Research | Double-Bit Axe |
| 10:34 | Research | Horse Collar |
| 10:35 | Research | Horse Collar |
| 10:35 | Research | Horse Collar |
| 11:03 | Build | House |
| 11:10 | Build | House |
| 11:30 | Queue | Villager (Male) |
| 11:30 | Queue | Villager (Male) |
| 11:30 | Queue | Villager (Male) |
| 11:47 | Build | Mining Camp |
| 12:03 | Build | Farm |
| 12:03 | Build | Farm |
| 12:03 | Build | Farm |
| 12:03 | Build | Farm |
| 12:04 | Build | Farm |
| 12:16 | Build | Watch Tower |
| 12:41 | Queue | Villager (Male) |
| 12:41 | Queue | Villager (Male) |
| 12:41 | Queue | Villager (Male) |
| 12:41 | Queue | Villager (Male) |
| 12:41 | Queue | Villager (Male) |
| 12:41 | Queue | Villager (Male) |
| 13:13 | Build | Watch Tower |
| 14:29 | Build | Watch Tower |
| 14:34 | Build | Blacksmith |
| 14:45 | Research | Stone Mining |
| 15:04 | Research | Fletching |
| 15:06 | Queue | Villager (Male) |
| 15:06 | Queue | Villager (Male) |
| 15:10 | Build | House |
| 15:45 | Build | Market |
| 16:02 | Queue | Villager (Male) |
| 16:03 | Queue | Villager (Male) |
| 16:14 | Build | House |
| 16:28 | Build | Watch Tower |
| 16:49 | Build | Farm |
| 16:49 | Build | Farm |
| 16:49 | Build | Farm |
| 16:49 | Build | Farm |
| 16:50 | Build | Farm |
| 16:50 | Build | Farm |
| 16:50 | Build | Farm |
| 17:28 | Build | Watch Tower |
| 17:31 | Queue | Villager (Male) |
| 17:31 | Queue | Villager (Male) |
| 17:45 | Build | Mining Camp |
| 17:53 | Build | Farm |
| 18:02 | Build | Farm |
| 18:02 | Build | Farm |
| 18:02 | Build | Farm |
| 18:03 | Build | Farm |
| 18:03 | Build | Farm |
| 18:03 | Build | Farm |
| 18:26 | Build | Watch Tower |
| 18:48 | Research | Castle Age |
| 20:41 | Build | Barracks |
| 20:50 | Research | Scale Barding Armor |
| 20:54 | Research | Forging |
| 21:26 | Build | Stable |
| 21:28 | Age | Castle Age |
| 21:35 | Research | Bodkin Arrow |
| 21:45 | Build | University |
| 21:48 | Queue | Villager (Male) |
| 21:48 | Queue | Villager (Male) |
| 21:48 | Queue | Villager (Male) |
| 21:48 | Queue | Villager (Male) |
| 21:52 | Research | Bow Saw |
| 21:52 | Research | Bow Saw |
| 21:55 | Build | Lumber Camp |
| 22:08 | Queue | Knight ×2 |
| 22:56 | Research | Guard Tower (upgrade) |
| 23:07 | Queue | Knight |
| 23:07 | Queue | Knight |
| 23:15 | Build | Watch Tower |
| 24:16 | Build | House |
| 24:44 | Build | Stone Wall |
| 24:50 | Build | Siege Workshop |
| 24:53 | Build | Monastery |
| 24:59 | Build | Town Center |
| 26:00 | Queue | Monk ×4 |
| 26:05 | Research | Gold Mining |
| 26:07 | Build | Farm |
| 26:28 | Queue | Mangonel |
| 26:59 | Queue | Villager (Male) ×5 |
Match timeline
| 8:32 | Lathkore · first_building Barracks |
| 9:49 | Lathkore · age_up feudal |
| 10:32 | VENI.VIDI.VICI. · age_up feudal |
| 12:33 | Lathkore · first_building Archery Range |
| 18:45 | VENI.VIDI.VICI. · first_market_buy 100 food |
| 20:41 | VENI.VIDI.VICI. · first_building Barracks |
| 21:26 | VENI.VIDI.VICI. · first_building Stable |
| 21:27 | Lathkore · age_up castle |
| 21:28 | VENI.VIDI.VICI. · age_up castle |
| 21:46 | Lathkore · first_building Monastery |
| 22:32 | Lathkore · first_market_buy 100 stone |
| 22:34 | Lathkore · first_market_sell 100 wood |
| 22:55 | Lathkore · first_building Castle |
| 24:44 | VENI.VIDI.VICI. · wall_segment Stone Wall x6 |
| 24:50 | VENI.VIDI.VICI. · first_building Siege Workshop |
| 24:53 | VENI.VIDI.VICI. · first_building Monastery |
| 26:24 | VENI.VIDI.VICI. · first_market_sell 100 food |
| 26:26 | Lathkore · first_building Siege Workshop |
| 30:56 | Lathkore · wall_segment Palisade Wall x1 |
| 30:58 | Lathkore · wall_segment Palisade Wall x1 |
| 33:52 | Lathkore · first_building Stable |
| 36:36 | Lathkore · age_up imperial |
| 38:16 | VENI.VIDI.VICI. · first_building Castle |
| 40:37 | VENI.VIDI.VICI. · age_up imperial |
| 45:49 | Lathkore · wall_segment Stone Wall x20 |
| 47:07 | VENI.VIDI.VICI. · resign |
[ AI ANALYSIS · 1 CREDIT ]
What really happened in this match?
Wolo.gg analyzes every decision: build order, eco, micro, common mistakes by bracket. Personalized analysis on WhatsApp or Discord in 30 seconds.
Civ guide
Burgundians
Perfil
Jugador #2109132